 Dungeon Crawl Stone Soup version 0.29.0-11-gd7f09526c8 (webtiles) character file.

Game seed: 18250462153820087632

49 sasquatch the Shield-Bearer (level 4, 0/33 (35) HPs)
             Began as a Formicid Fighter on Sept 4, 2022.
             Slain by Prince Ribbit (1 damage)
             ... on level 6 of the Dungeon.
             The game lasted 00:03:44 (2367 turns).

sasquatch the Shield-Bearer (Formicid Fighter)      Turns: 2367, Time: 00:03:44

HP:   0/33 (35)     AC:  6    Str: 23    XL:     4   Next: 2%
MP:   13/13         EV:  9    Int:  7    God:
Gold: 39            SH:  5    Dex: 13    Spells: 3/3 levels left

rFire   . . .      SeeInvis +   a - +0 war axe
rCold   . . .      Faith    .   c - +0 buckler
rNeg    . . .      Spirit   .   b - +0 scale mail
rPois   .          Reflect  .   (helmet unavailable)
rElec   .          Harm     .   (no cloak)
rCorr   .          Rampage  .   (no gloves)
Will    .....                   (no boots)
Stlth   ..........              (no amulet)
HPRegen 0.11/turn               e - ring of magical power
MPRegen 0.13/turn               (no ring)

@: drained
A: permanent stasis, dig shafts and tunnels, antennae 3, four strong arms
a: Dig, Shaft Self


You were on level 6 of the Dungeon.
You visited 1 branch of the dungeon, and saw 4 of its levels.

You collected 39 gold pieces.

Inventory:

Hand Weapons
 a - a +0 war axe (weapon)
Armour
 b - a +0 scale mail (worn)
 c - a +0 buckler (worn)
Jewellery
 e - a ring of magical power (left hand)
Scrolls
 f - 2 scrolls of identify {unknown}
 g - 2 scrolls of vulnerability {unknown}
 i - a scroll of butterflies {unknown}
Potions
 d - a potion of might
 h - a potion of resistance {unknown}
 j - a potion of degeneration {unknown}


   Skills:
 - Level 3.2 Fighting
 + Level 3.1 Axes
 - Level 3.2 Armour
 + Level 5.2 Shields


You had 3 spell levels left.
You didn't know any spells.
Your spell library contained the following spells:

 Spells                   Type           Power      Damage    Failure   Level
 Confusing Touch          Hex            0%         N/A       99%         3
 Yara's Violent Unravell  Hex/Tmut       0%         3d3       100%        5
 Enfeeble                 Hex            0%         N/A       100%        7


Dungeon Overview and Level Annotations

Branches:
Dungeon (2/15)

Altars:

Annotations:
D:3 Sigmund
D:6 Prince Ribbit


Innate Abilities, Weirdness & Mutations

You cannot be hasted, slowed, berserked, paralysed or teleported.
You can dig through walls and to a lower floor.
You have a pair of large antennae on your head. (SInv)
Your four strong arms can wield two-handed weapons with a shield.


Message History

The shaft crumbles and collapses.
Found 8 gold pieces.
You start resting.
You sense a monster nearby.
You start resting.
HP restored.
You now have 39 gold pieces (gained 8).
You open the door.
You sense a monster nearby.
Found a stone staircase leading down.
A white imp comes into view.
Found 5 stones.
The white imp shouts, "Get thee gone, thou unmuzzled dismal-dreaming scut!"
You hear a shout!
Found a stone staircase leading up.
An ogre comes into view. It is wielding a +0 giant club.
The white imp attacks as you move away! The white imp hits you.
The white imp freezes you. The white imp attacks as you move away!
The white imp hits you. The white imp freezes you.
You closely miss the white imp. The white imp gestures at you.
The puff of frost hits you!
* * * LOW HITPOINT WARNING * * *
You are too injured to fight recklessly!
You slash the white imp!
You kill the white imp!
You have reached level 4!
You feel stronger.
Prince Ribbit comes into view.
Found a scroll labelled ISODDI AWKI.
Prince Ribbit gives a loud, deep croak!
There is an open door here.
You closely miss Prince Ribbit.
Prince Ribbit hits you but does no damage.
Prince Ribbit hits you!
* * * LOW HITPOINT WARNING * * *
You closely miss Prince Ribbit. You block Prince Ribbit's attack.
Prince Ribbit hits you.
You die...

{ ######
#....######
#.........#
#.........#
#.........#
#..O.##...#
#@#####...#
#.F..#....#
#....#....##
#>...#.O...#
#....#.....#
#....#.....#
#...###...##
#?..# #...#
......#


You could see Prince Ribbit and an ogre.

Vanquished Creatures
  An adder (D:2)
  A white imp (D:6)
  A worm (D:3)
  2 bats
  2 endoplasms
  2 giant cockroaches
  3 hobgoblins
  2 jackals (D:1)
  6 ball pythons (D:1)
  4 frilled lizards
  2 goblins (D:1)
  A kobold (D:1)
  6 rats
33 creatures vanquished.

Notes
Turn   | Place    | Note
-------+----------+-------------------------------------------
     0 | D:1      | sasquatch the Formicid Fighter began the quest for the Orb.
     0 | D:1      | Reached XP level 1. HP: 18/18 MP: 1/1
   320 | D:1      | Reached XP level 2. HP: 24/24 MP: 2/2
   468 | D:1      | Found a faded altar of an unknown god.
  1072 | D:1      | Reached XP level 3. HP: 29/29 MP: 3/3
  1188 | D:2      | Reached skill level 5 in Shields
  1401 | D:2      | You fall into a shaft and drop 1 floor!
  1891 | D:3      | Noticed Sigmund
  2016 | D:3      | HP: 1/26 [Sigmund/puff of flame (12)]
  2030 | D:3      | You fall into a shaft and drop 3 floors!
  2350 | D:6      | Noticed an ogre
  2356 | D:6      | Reached XP level 4. HP: 8/33 MP: 4/4
  2365 | D:6      | Noticed Prince Ribbit
  2366 | D:6      | HP: 1/33 [Prince Ribbit (9)]
  2367 | D:6      | Slain by Prince Ribbit

Illustrated notes

Levels and vault maps discovered:
D:1:      wander_arrival_estate, layout_basic, nicolae_ecumenical_snake_handling
D:2:      layout_basic, basic_altar, minmay_between
D:3:      layout_basic, chequers_serial_rivers_micro_a, minmay_ruptured,
          uniq_sigmund
D:6:      layout_gridville, serial_shops, nicolae_shop_overgrown_old_shop,
          minmay_misc_feat_five, uniq_prince_ribbit1

Skill      XL: |  1  2  3 |
---------------+----------+-----
Shields        | 5 |  5.2
Axes           | 3 |  3.1
Fighting       | |  3.2
Armour         | |  3.2

Action                   |  1- 3 |  4- 6 || total
-------------------------+-------+-------++-------
Melee: War axe           |   108 |     2 ||   110
 Abil: Shaft Self        |     2 |       ||     2
       Dig               |     1 |       ||     1
Armor: Scale mail        |    53 |     1 ||    54
Dodge: Dodged            |    66 |       ||    66
Block: Buckler           |    40 |     1 ||    41
